 Dungeon Crawl Stone Soup version 0.29-a0-2-g12fcac58f8 (webtiles) character file.

Game seed: 6277180120951275055

67 voltaire321 the Sneak (level 4, 0/28 HPs)
             Began as an Octopode Earth Elementalist on Jan 27, 2022.
             Succumbed to an adder's poison
             ... on level 2 of the Dungeon.
             The game lasted 00:04:17 (1645 turns).

voltaire321 the Sneak (Octopode Earth Elementalist) Turns: 1645, Time: 00:04:18

Health: 0/28       AC:  1    Str:  7    XL:     4   Next: 16%
Magic:  6/7        EV: 13    Int: 19    God:
Gold:   97         SH:  0    Dex: 12    Spells: 1/7 levels left

rFire   . . .      SeeInvis .   i - +2 mace (holy)
rCold   . . .      Faith    .   (no shield)
rNeg    . . .      Spirit   .   (helmet restricted)
rPois   .          Reflect  .   (no amulet)
rElec   .          Harm     .   (no ring)
rCorr   .          Rampage  .   (no ring)
Will    .....                   (no ring)
Stlth   +++.......              (no ring)
HPRegen 0.09/turn               (no ring)
MPRegen 0.10/turn               (no ring)
                                (no ring)
                                (no ring)

@: lethally poisoned (0 -> -16)
A: almost no armour, amphibious, 8 rings, camouflage 1, gelatinous body 1,
(nimble swimmer 1), tentacles
a: no special abilities


You were on level 2 of the Dungeon.
You visited 1 branch of the dungeon, and saw 2 of its levels.

You collected 97 gold pieces.

Inventory:

Hand Weapons
 i - a +2 mace of holy wrath (weapon)
Missiles
 b - 100 stones
 f - 6 poisoned darts
Scrolls
 c - a scroll of teleportation {unknown}
 d - a scroll of fear {unknown}
 h - a scroll of noise {unknown}
Potions
 e - a potion of cancellation {unknown}
 g - a potion of might {unknown}


   Skills:
 + Level 1.3 Fighting
 + Level 2.4 Dodging
 + Level 3.3 Stealth
 + Level 2.4 Spellcasting
 + Level 1.8 Transmutations
 + Level 3.3 Earth Magic


You had one spell level left.
You knew the following spells:

 Your Spells              Type           Power      Damage    Failure   Level
a - Sandblast             Erth           28%        2d8       4%          1
b - Passwall              Tmut/Erth      10%        N/A       9%          2
c - Stone Arrow           Conj/Erth      16%        3d8       24%         3

Your spell library contained the following spells:

 Spells                   Type           Power      Damage    Failure   Level
 Petrify                  Tmut/Erth      12%        N/A       50%         4


Dungeon Overview and Level Annotations

Branches:
Dungeon (2/15)

Altars:
Wu Jian

Annotations:
D:2 1 runed translucent door, Crazy Yiuf, Terence


Innate Abilities, Weirdness & Mutations

You cannot wear most types of armour.
You are amphibious.
You can wear up to eight rings at the same time.
Your skin changes colour to match your surroundings (Stealth+).
Your rubbery body absorbs attacks. (AC +1, EV +1)
((You are camouflaged when in or above water. (Stealth+)))
You have tentacles for arms and can constrict up to eight enemies at once.


Message History

You kill the endoplasm!
The kobold hits you but does no damage.
The kobold hits you with a +0 short sword.
You hit the kobold.
You kill the kobold!
You start resting.
HP restored.
Things that are here:
a +0 short sword; a +0 ring mail
Found a stone staircase leading up.
The helpless adder fails to defend itself.
You sock the adder! Your grab misses the adder.
The adder is severely wounded.
The adder bites you. The adder bites you but does no damage.
You closely miss the adder. Your grab misses the adder.
The adder is severely wounded.
The adder completely misses you. The adder bites you.
You are poisoned.
The adder poisons you!
You completely miss the adder. Your grab misses the adder.
The adder is severely wounded.
You feel sick. The adder bites you. x2
You are more poisoned.
The adder poisons you!
You closely miss the adder. Your grab misses the adder.
The adder is severely wounded.
You feel very sick. The adder bites you.
* * * LOW HITPOINT WARNING * * *
You are more poisoned.
The adder poisons you! The adder bites you.
* * * LOW HITPOINT WARNING * * *
Casting: Sandblast (safe; 4% risk of failure)
Confirm with . or Enter, or press ? or * to list all spells.
Aiming: Sandblast (safe; 4% risk of failure)
Press: ? - help, Shift-Dir - straight line, f - adder
Aim: an adder (severely wounded, 66% to hit)
The blast of sand hits the adder!
You kill the adder!
You die...

.###.#######
...#........ .. ...
.#.#.######..##.## #..#
...#.#.. ......# ....<
#..#.#.# ... ..# ....#
.....#.####.# #.#.....#
............####.#.#...#
...#.#.#...♣..........#
...#......≈≈≈# #@#.#####
.>.#.....♣≈≈≈♣##........
## #.####≈≈≈P≈##...#####
#.....♣≈≈≈≈♣......#
#.#...≈≈≈≈≈♣#.###.#
#.♣...≈≈P≈≈P..).#.#
#≈≈....≈≈≈≈P#.#.# #
♣♣≈≈...≈≈≈≈≈≈.#.#
♣≈P...≈P≈≈≈≈≈♣..#


There were no monsters in sight!

Vanquished Creatures
  Jessica (D:2)
  An adder (D:2)
  A dart slug (D:1)
  5 endoplasms
  A giant cockroach (D:1)
  5 goblins
  4 hobgoblins
  3 jackals
  3 kobolds
  A quokka (D:2)
  3 ball pythons (D:1)
  3 bats (D:1)
  A frilled lizard (D:1)
  3 rats
35 creatures vanquished.

Notes
Turn   | Place    | Note
-------+----------+-------------------------------------------
     0 | D:1      | voltaire321 the Octopode Earth Elementalist began the quest
                  | for the Orb.
     0 | D:1      | Reached XP level 1. HP: 11/11 MP: 3/3
   158 | D:1      | Reached XP level 2. HP: 17/17 MP: 5/5
   373 | D:1      | Noticed a floating eye
   375 | D:1      | Found a faded altar of an unknown god.
   377 | D:1      | Noticed a golden eye
   378 | D:1      | Noticed a great orb of eyes
   378 | D:1      | Noticed a floating eye
   721 | D:1      | Learned a level 2 spell: Passwall
   732 | D:1      | Reached XP level 3. HP: 22/22 MP: 6/6
  1322 | D:2      | Found an ornate altar of the Wu Jian Council.
  1351 | D:2      | Noticed Terence
  1353 | D:2      | Reached skill level 1 in Fighting
  1393 | D:1      | Learned a level 3 spell: Stone Arrow
  1408 | D:2      | Noticed Jessica
  1413 | D:2      | Killed Jessica
  1414 | D:2      | Reached XP level 4. HP: 28/28 MP: 1/7
  1477 | D:2      | Found a runed translucent door.
  1478 | D:2      | Noticed Crazy Yiuf
  1645 | D:2      | Succumbed to an adder's poison

Illustrated notes

Levels and vault maps discovered:
D:1:      dpeg_arrival_lava_temple_mockup, layout_rooms,
          hellmonk_ecumenical_altar_watching_god, minmay_heptomino_o4
D:2:      layout_basic, basic_altar, serial_bayou_ford_a,
          uniq_crazy_yiuf_cottage, uniq_robin, uniq_terence, uniq_jessica

Skill      XL: |  1  2  3 |
---------------+----------+-----
Stealth        | 3 |  3.3
Fighting       | 1 |  1.3
Dodging        | |  2.4
Spellcasting   | |  2.4
Transmutations | |  1.8
Earth Magic    | |  3.3

Action                   |  1- 3 |  4- 6 || total
-------------------------+-------+-------++-------
Melee: Dagger            |    42 |       ||    42
       Constrict         |    10 |     2 ||    12
       Tentacles         |     5 |     3 ||     8
       Mace              |       |    14 ||    14
       Punch             |       |     1 ||     1
 Cast: Sandblast         |    15 |     1 ||    16
 Stab: Sleeping          |     7 |     1 ||     8
Armor: Skin              |     2 |     2 ||     4
Dodge: Dodged            |    35 |     3 ||    38

Table legend: (Time is in decaauts)
 A = Elapsed time spent in this place.
 B = Non-inter-level travel time spent in this place.
 C = Inter-level travel time spent in this place.
 D = Time resting spent in this place.
 E = Time spent auto-exploring this place.
 F = Levels seen in this place.
 G = Mean time per level.
                   A        B        C        D        E       F      G
               +--------+--------+--------+--------+--------+-----+--------+
         Total |   1651 |   1605 |     46 |    691 |    574 |   2 |  825.5 |
       Dungeon |   1651 |   1605 |     46 |    691 |    574 |   2 |  825.5 |
               +--------+--------+--------+--------+--------+-----+--------+

Top non-repeatable levels by time:
     D:1: 1028 daAuts
     D:2: 622 daAuts
